 Dungeon Crawl Stone Soup version 0.25.1-2-g60ff931df9 (webtiles) character file.

Game seed: 2523617719337629961

15 sahdkjhfkaj the Insei (level 2, -1/23 HPs)
             Began as a Gnoll Transmuter on Nov 2, 2020.
             Slain by a worm (9 damage)
             ... on level 1 of the Dungeon.
             The game lasted 00:01:25 (1034 turns).

sahdkjhfkaj the Insei (Gnoll Transmuter)            Turns: 1034, Time: 00:01:25

Health: -1/23      AC:  2    Str: 12    XL:     2   Next: 50%
Magic:  7/7        EV: 14    Int: 15    God:
Gold:   27         SH:  0    Dex: 15    Spells: 7/10 levels left

rFire    . . .     SeeInvis .     - Unarmed
rCold    . . .     Gourm    .   (no shield)
rNeg     . . .     Faith    .   b - +0 robe
rPois    .         Spirit   .   (no helmet)
rElec    .         Reflect  .   (no cloak)
rCorr    .         Harm     .   (no gloves)
MR       .....                  (no boots)
Stlth    ++........             (no amulet)
HPRegen  0.07/turn              (no ring)
MPRegen  0.10/turn              (no ring)

@: no status effects
A: distributed training, fangs 1, strong nose
a: no special abilities


You were on level 1 of the Dungeon.
You were not hungry.

You visited 1 branch of the dungeon, and saw 2 of its levels.

You collected 27 gold pieces.

Inventory:

Missiles
 a - 38 arrows
Armour
 b - a +0 robe (worn)
Jewellery
 g - a +6 ring of strength {unknown}
Scrolls
 e - a scroll of blinking {!r, unknown}
 j - a scroll of fear {!r, unknown}
 k - a scroll of identify {!r, unknown}
Potions
 c - a potion of experience {!q, unknown}
 i - a potion of ambrosia {!q, unknown}
Comestibles
 d - 2 rations


   Skills:
 + Level 2.5 Fighting
 + Level 0.4 Short Blades
 + Level 0.4 Long Blades
 + Level 0.4 Axes
 + Level 0.4 Maces & Flails
 + Level 0.4 Polearms
 + Level 0.4 Staves
 + Level 0.4 Slings
 + Level 0.4 Bows
 + Level 0.4 Crossbows
 + Level 0.4 Throwing
 + Level 0.4 Armour
 + Level 4.5 Dodging
 + Level 0.4 Stealth
 + Level 0.4 Shields
 + Level 6.5 Unarmed Combat
 + Level 4.9 Spellcasting
 + Level 0.2 Conjurations
 + Level 0.2 Hexes
 + Level 0.2 Charms
 + Level 0.2 Summonings
 + Level 0.2 Necromancy
 + Level 0.2 Translocations
 + Level 3.7 Transmutations
 + Level 0.2 Fire Magic
 + Level 0.2 Ice Magic
 + Level 0.2 Air Magic
 + Level 0.2 Earth Magic
 + Level 0.2 Poison Magic
 + Level 0.5 Invocations
 + Level 0.4 Evocations


You had 7 spell levels left.
You knew the following spells:

 Your Spells              Type           Power        Failure   Level  Hunger
a - Beastly Appendage     Tmut           ##....       3%          1    None
T - Sticks to Snakes      Tmut           ##......     5%          2    ##.....

Your spell library contained the following spells:

 Spells                   Type           Power        Failure   Level  Hunger
 Spider Form              Tmut/Pois      #.........   22%         3    ###....
 Ice Form                 Ice/Tmut       #.......     58%         4    ####...
 Blade Hands              Tmut           ##........   69%         5    ######.


Dungeon Overview and Level Annotations

Branches:
Dungeon (2/15)

Altars:
Wu Jian


Innate Abilities, Weirdness & Mutations

Your experience applies equally to all skills.
You have very sharp teeth.
Your uncanny sense of smell can sniff out nearby items.


Message History

The rat barely misses you.
You climb upwards.
There is a stone staircase leading down here.
You hit the worm. Your bite misses the worm.
The worm is lightly wounded.
The worm misses you. The rat barely misses you.
You hit the worm.
The worm is moderately wounded.
You hit the worm. Your punch misses the worm.
The worm is heavily wounded.
The rat bites you. The worm bites you!
* * * LOW HITPOINT WARNING * * *
You hit the worm.
The worm is heavily wounded.
The rat bites you but does no damage.
Unknown command.
You closely miss the rat. The rat bites you.
* * * LOW HITPOINT WARNING * * *
The worm bites you!
You die...

# # ##### ....#
###.##
.....#############
#..#......)......#
##...###########r#
###.## #@# .....#
#w# ###..# #.# #
#..# #.# ###..#
#.# .....# #.#
####.# #.# ###..##
#.# ......# #.#


You could see a worm and a rat.

Vanquished Creatures
  A worm (D:2)
  2 giant cockroaches (D:1)
  2 hobgoblins (D:1)
  A kobold (D:1)
  A frilled lizard (D:1)
  2 goblins (D:1)
  3 rats (D:1)
12 creatures vanquished.

Notes
Turn   | Place    | Note
-------+----------+-------------------------------------------
     0 | D:1      | sahdkjhfkaj the Gnoll Transmuter began the quest for the
                  | Orb.
     0 | D:1      | Reached XP level 1. HP: 17/17 MP: 6/6
   498 | D:1      | Reached XP level 2. HP: 19/23 MP: 7/7
   597 | D:1      | Learned a level 2 spell: Sticks to Snakes
   780 | D:2      | Found an ornate altar of the Wu Jian Council.
  1034 | D:1      | Slain by a worm

Illustrated notes

Levels and vault maps discovered:
D:1:      wander_arrival_chamber, layout_loops_ring
D:2:      layout_rooms, lemuel_crystal_altar, lemuel_blue_sif_altar,
          kennysheep_slug_shrine, st_stairs_14

Action                   || total
-------------------------++-------
Melee: Unarmed           ||    50
       Bite              ||     4
  Use: Scroll            ||     2
Armor: Robe              ||     7
Dodge: Dodged            ||    21
